 Dungeon Crawl Stone Soup version 0.29-a0-275-g389c0b56f3 (webtiles) character file.

Game seed: 13579863355779059557

63130 drugrobin the Severer (level 14, -1/129 HPs)
             Began as a Demigod Fighter on Mar 10, 2022.
             Killed from afar by a catoblepas (2 damage)
             ... with a blast of calcifying dust
             ... on level 6 of the Lair of Beasts.
             The game lasted 01:17:08 (29711 turns).

drugrobin the Severer (Demigod Fighter)            Turns: 29711, Time: 01:17:08

Health: -1/129     AC: 21    Str: 43    XL:     14   Next: 29%
Magic:  17/17      EV:  9    Int: 14    God:
Gold:   1195       SH: 11    Dex: 19    Spells: 8/13 levels left

rFire   . . .      SeeInvis .   a - +1 broad axe (freeze)
rCold   . . .      Faith    .   C - +0 buckler
rNeg    . . .      Spirit   .   j - +1 chain mail {rC+}
rPois   +          Reflect  +   G - +2 helmet "Jyfuomp" {Rampage rPois rC- Str+5}
rElec   .          Harm     .   y - +1 cloak {rPois}
rCorr   .          Rampage  +   l - +2 pair of gloves {Str+3}
Will    +....                   z - +2 pair of boots {Fly}
Stlth   ..........              V - amulet of reflection
HPRegen 0.31/turn               E - +6 ring of strength
MPRegen 0.15/turn               q - +6 ring of dexterity

@: flying
A: high MP 1, forlorn, divine attributes
a: no special abilities


You were on level 6 of the Lair of Beasts.
You visited 2 branches of the dungeon, and saw 17 of its levels.
You also visited: Gauntlet and Ice Cave.

You collected 1375 gold pieces.
You spent 180 gold pieces at shops.

Inventory:

Hand Weapons
 a - a +1 broad axe of freezing (weapon)
 b - the +8 hand crossbow of Bivolear {freeze, rElec}
   (You found it on level 2 of the Lair of Beasts)

   Any ammunition fired from it freezes those it strikes, dealing additional
   cold damage.
   It can also slow down cold-blooded creatures.
   rElec:     It insulates you from electricity.
 c - a +2 whip of venom
 d - a +0 hand axe of flaming
Missiles
 k - 32 poisoned darts (quivered)
 A - 3 throwing nets
 R - a curare-tipped dart
Armour
 j - a +1 chain mail of cold resistance (worn)
 l - a +2 pair of gloves of strength (worn)
 y - a +1 cloak of poison resistance (worn)
 z - a +2 pair of boots of flying (worn)
 C - a +0 buckler (worn)
 G - the +2 helmet "Jyfuomp" (worn) {Rampage rPois rC- Str+5}
   (You found it in a Gauntlet)

   Str:       It affects your strength (+5).
   rC:        It makes you vulnerable to cold.
   rPois:     It protects you from poison.
   Rampage:   It bestows one free step when moving towards enemies.
Jewellery
 m - a ring of protection from fire
 q - a +6 ring of dexterity (right hand)
 x - a ring of see invisible
 B - a ring of resist corrosion
 E - a +6 ring of strength (left hand)
 O - a ring of willpower
 V - an amulet of reflection (around neck)
Wands
 o - a wand of flame (9)
 w - a wand of acid (10)
 I - a wand of charming (2)
 P - a wand of polymorph (7)
 S - a wand of iceblast (7)
Scrolls
 f - 5 scrolls of enchant armour
 g - 2 scrolls of blinking
 i - 12 scrolls of teleportation {unknown}
 n - 3 scrolls of fear
 r - a scroll of magic mapping
 t - 2 scrolls of summoning
 u - 3 scrolls of fog
 H - a scroll of vulnerability
 N - 4 scrolls of immolation
Potions
 e - 3 potions of haste
 s - 2 potions of magic {unknown}
 v - 5 potions of curing
 D - a potion of lignification
 J - 3 potions of brilliance {unknown}
 M - a potion of heal wounds
 Q - 2 potions of degeneration {unknown}
 T - 2 potions of might
 W - 2 potions of cancellation {unknown}
 X - 2 potions of invisibility {unknown}
 Y - 3 potions of flight {unknown}
Miscellaneous
 Z - a box of beasts


   Skills:
 + Level 13.5 Fighting
 - Level 18.0 Axes
 - Level 3.0 Armour
 + Level 4.0 Shields
 + Level 2.3 Ice Magic
 - Level 8.0 Evocations


You had 8 spell levels left.
You knew the following spells:

 Your Spells              Type           Power      Damage    Failure   Level
a - Freezing Cloud        Conj/Ice/Air   1%         6-21      100%        5

Your spell library contained the following spells:

 Spells                   Type           Power      Damage    Failure   Level
 Ensorcelled Hibernation  Hex/Ice        6%         N/A       75%         2
 Magic Dart               Conj           0%         1d3       77%         1
 Shock                    Conj/Air       0%         1d3       77%         1
 Ozocubu's Armour         Ice            6%         N/A       80%         3
 Corpse Rot               Necr/Air       0%         N/A       88%         2
 Passwall                 Tmut/Erth      0%         N/A       88%         2
 Searing Ray              Conj           0%         2d4       88%         2
 Swiftness                Air            0%         N/A       98%         3
 Airstrike                Air            0%         N/A       100%        4
 Dispel Undead            Necr           0%         3d6       100%        4
 Fulminant Prism          Conj/Hex       0%         3d6       100%        4
 Death Channel            Necr           0%         N/A       100%        6
 Simulacrum               Ice/Necr       1%         N/A       100%        6
 Ozocubu's Refrigeration  Ice            3%         4d5       100%        7
 Polar Vortex             Ice            3%         N/A       100%        9


Dungeon Overview and Level Annotations

Branches:
Dungeon (11/15)            Temple (0/1) D:7            Lair (6/6) D:9
  Swamp (0/4) Lair:3       Spider (0/4) Lair:3        Slime (0/5) Lair:6
    Orc (0/2) D:11          IceCv (visited)         Gauntlet (visited)

Shops:
D:8 *

Annotations:
D:7 1 runed translucent door, Crazy Yiuf
D:11 Snorg
Lair:5 1 runed translucent door, NobodyCares's ghost, journeyman MiFi
Lair:6 1 runed translucent door


Innate Abilities, Weirdness & Mutations

You have an increased reservoir of magic. (+10% MP)
You shall have no god before yourself.
Your divine heritage dramatically boosts your attributes as you level up.


Message History

Unknown command.
Unknown command.
Unknown command.
The barbed spikes dig painfully into your body as you move.
* * * LOW HITPOINT WARNING * * *
Unknown command.
Unknown command.
The barbed spikes dig painfully into your body as you move.
* * * LOW HITPOINT WARNING * * *
Unknown command.
Unknown command.
You feel better.
The barbed spikes dig painfully into your body as you move.
* * * LOW HITPOINT WARNING * * *
The barbed spikes dig painfully into your body as you move.
* * * LOW HITPOINT WARNING * * *
The barbed spikes dig painfully into your body as you move.
* * * LOW HITPOINT WARNING * * *
Unknown command.
Unknown command.
You feel better.
The barbed spikes dig painfully into your body as you move.
* * * LOW HITPOINT WARNING * * *
Unknown command.
Unknown command.
The barbed spikes dig painfully into your body as you move.
* * * LOW HITPOINT WARNING * * *
Unknown command.
Unknown command.
Unknown command.
Unknown command.
The barbed spikes dig painfully into your body as you move.
* * * LOW HITPOINT WARNING * * *
The barbed spikes snap loose.
Unknown command.
Unknown command.
Unknown command.
The catoblepas breathes a plume of calcifying dust at you.
The blast of calcifying dust hits you.
You die...

....###†#†....###.....#####.Dk..#
....#.......^.##..........#Y....#
...##...#.#..P###P..#.#...##.....
#...#.......###.###.k.....#...#.P
..########.......#..Y########...#
#.....##P..#.#...#..Y.P# .#..
......##.........#.....# ...#
......###....#####§....# ..##
....... #.......@§....## .###
##...P# ####P.....P#.## ###. #
##### ###.P.##### ###. # #####
######### #######... ##
#...###..###.# #......... .#
#....###.....# #.#.......
.###...## ##.(..# ###.##....
.......# ##...## ###.....
..#....## ##.....######## ##....


There were no monsters in sight!

Vanquished Creatures
  A reaper (IceCv)
  A dire elephant (Lair:5)
  Harold (Lair:1)
  A boulder beetle (Lair:6)
  9 hydras
  A two-headed ogre (D:10)
  A centaur warrior (D:11)
  3 catoblepae (Lair:6)
  Erica (Lair:2)
  A death scarab (Gauntlet)
  2 death yaks (Lair:6)
  A sixfirhy (Gauntlet)
  3 lindwurms (Lair:6)
  24 elephants
  A manticore (Lair:6)
  7 black mambas
  An ice statue (IceCv)
  7 torpor snails
  Maggie (D:7)
  2 unseen horrors
  8 cane toads
  2 minotaur zombies (Gauntlet)
  Psyche (D:11)
  A kobold demonologist (D:11)
  4 entropy weaver simulacra (IceCv)
  A freezing wraith (IceCv)
  7 ice devils
  5 rime drakes
  10 komodo dragons
  9 hornets
  3 tyrant leeches (Lair:6)
  6 blink frogs
  9 dream sheep (Lair:6)
  A spectral black mamba (Gauntlet)
  A spriggan (Lair:5)
  3 wyverns
  4 shadows
  39 yaks
  A dire elephant simulacrum (IceCv)
  A ynoxinul (Gauntlet)
  5 basilisks
  Menkaure (D:6)
  2 harpy simulacra (IceCv)
  3 acid dragons
  A swamp worm (Lair:3)
  12 water moccasins
  Duvessa (D:7)
  3 ice beasts
  8 orc warriors
  A swamp drake (D:9)
  An ogre (D:5)
  A black bear (D:5)
  4 centaurs
  18 wolves
  3 phantoms
  10 bullfrogs
  4 kobold brigands
  A gnoll sergeant (D:8)
  A necrophage (D:7)
  A cane toad simulacrum (IceCv)
  11 scorpions
  20 wights
  Dowan (D:7)
  A troll zombie (D:11)
  4 howler monkeys
  2 electric eels (Lair:3)
  3 hounds
  2 jellies
  5 iron imps
  4 orc priests
  2 iguanas (D:6)
  An orc wizard (D:11)
  Natasha (thrice) (D:2)
  15 hell rats
  A troll simulacrum (IceCv)
  4 ogre zombies (D:11)
  4 gnolls (D:8)
  11 adders
  A naga simulacrum (IceCv)
  A shadow imp (D:7)
  5 ufetubi
  3 worms
  3 dart slugs
  33 orcs
  7 endoplasms
  6 giant cockroaches
  10 goblins
  7 hobgoblins
  3 jackals (D:1)
  29 kobolds
  4 quokkas
  8 ball pythons
  4 bats (D:1)
  9 frilled lizards
  2 goblin skeletons (D:11)
  3 goblin zombies (D:11)
  2 hobgoblin zombies (D:11)
  12 orc zombies (D:11)
  6 rats
518 creatures vanquished.

Vanquished Creatures (collateral kills)
  A minotaur (Gauntlet)
  An ice statue (IceCv)
  An anaconda simulacrum (IceCv)
  A harpy simulacrum (IceCv)
4 creatures vanquished.

Vanquished Creatures (others)
  A dire elephant simulacrum (IceCv)
  139 fungi
  152 plants
292 creatures vanquished.

Grand Total: 814 creatures vanquished

Notes
Turn   | Place    | Note
-------+----------+-------------------------------------------
     0 | D:1      | drugrobin the Demigod Fighter began the quest for the Orb.
     0 | D:1      | Reached XP level 1. HP: 18/18 MP: 3/3
   112 | D:1      | Reached skill level 2 in Axes
   178 | D:1      | Reached XP level 2. HP: 21/25 MP: 4/4
   332 | D:1      | Reached skill level 3 in Axes
   592 | D:1      | Reached XP level 3. HP: 18/30 MP: 5/5
  1736 | D:2      | Noticed Natasha
  1749 | D:2      | Killed Natasha
  1750 | D:2      | Reached XP level 4. HP: 5/38 MP: 6/6
  2047 | D:2      | Noticed Natasha
  2060 | D:2      | Killed Natasha
  2061 | D:2      | Reached skill level 4 in Axes
  2388 | D:2      | Noticed Natasha
  2393 | D:2      | Killed Natasha
  2561 | D:3      | Reached XP level 5. HP: 42/45 MP: 7/7
  3980 | D:4      | Reached skill level 5 in Axes
  4233 | D:4      | Reached XP level 6. HP: 48/52 MP: 8/8
  4777 | D:5      | Entered Level 5 of the Dungeon
  4897 | D:5      | Reached skill level 6 in Axes
  5037 | D:5      | Reached XP level 7. HP: 54/60 MP: 9/9
  5314 | D:5      | Reached skill level 5 in Fighting
  5314 | D:5      | Reached skill level 7 in Axes
  6249 | D:6      | Noticed Menkaure
  6284 | D:6      | Killed Menkaure
  6479 | D:6      | Reached XP level 8. HP: 29/70 MP: 10/10
  6562 | D:6      | Reached skill level 8 in Axes
  7378 | D:6      | Reached skill level 9 in Axes
  7394 | D:7      | Found a runed translucent door.
  7395 | D:7      | Noticed Crazy Yiuf
  7409 | D:7      | Noticed Maggie
  7428 | D:7      | Killed Maggie
  7624 | D:7      | Reached XP level 9. HP: 66/78 MP: 11/11
  7636 | D:7      | Reached skill level 1 in Evocations
  7713 | D:7      | Noticed Dowan
  7836 | D:7      | Reached skill level 10 in Axes
  7894 | D:7      | Found a staircase to the Ecumenical Temple.
  7999 | D:7      | Noticed Duvessa
  8008 | D:7      | Killed Duvessa
  8129 | D:7      | Killed Dowan
  9112 | D:8      | Found Qoreda's Changing Room.
  9135 | D:8      | Bought 2 potions of lignification for 72 gold pieces
  9135 | D:8      | Bought a wand of polymorph (7) for 108 gold pieces
  9332 | D:8      | Noticed a rime drake
  9332 | D:8      | a hornet changed into a rime drake
  9350 | D:8      | Killed a rime drake
 10299 | D:9      | Noticed a two-headed ogre
 10301 | D:9      | a two-headed ogre changed into a basilisk
 10320 | D:9      | Reached skill level 11 in Axes
 10540 | D:9      | Reached XP level 10. HP: 88/88 MP: 13/13
 10680 | D:9      | You fall into a shaft and drop 2 floors!
 10698 | D:10     | Entered Level 10 of the Dungeon
 11140 | D:10     | Noticed a two-headed ogre
 11492 | D:9      | Found a staircase to the Lair.
 12238 | D:10     | Killed a two-headed ogre
 12239 | D:10     | Reached skill level 5 in Evocations
 12575 | D:10     | Reached skill level 12 in Axes
 13201 | D:11     | Noticed Psyche
 13207 | D:11     | Killed Psyche
 13345 | D:11     | Noticed Snorg
 13345 | D:11     | Noticed a six-headed hydra
 14165 | D:11     | Reached XP level 11. HP: 57/97 MP: 14/14
 14324 | D:11     | Found a staircase to the Orcish Mines.
 14324 | D:11     | Noticed a centaur warrior
 14469 | D:11     | Noticed a soul eater
 14650 | D:11     | Killed a centaur warrior
 14897 | Lair:1   | Entered Level 1 of the Lair of Beasts
 15057 | Lair:1   | Reached skill level 13 in Axes
 15359 | Lair:1   | Noticed a six-headed hydra
 15514 | Lair:1   | Killed a two-headed hydra
 15727 | Lair:1   | You fall into a shaft and drop 1 floor!
 15760 | Lair:2   | Noticed a five-headed hydra
 15769 | Lair:2   | Killed a one-headed hydra
 16138 | Lair:2   | Found a frozen archway.
 16147 | IceCv    | Entered an ice cave
 16425 | IceCv    | Reached skill level 10 in Fighting
 17599 | IceCv    | Reached skill level 14 in Axes
 18244 | IceCv    | Reached XP level 12. HP: 64/106 MP: 15/15
 18452 | IceCv    | Noticed a reaper
 18464 | IceCv    | Killed a reaper
 19333 | Lair:1   | Noticed Harold
 19350 | Lair:1   | Killed Harold
 19711 | Lair:2   | Noticed Erica
 19784 | Lair:2   | Killed Erica
 19812 | Lair:2   | Identified the +8 hand crossbow of Bivolear {freeze, rElec}
 20638 | Lair:3   | Noticed a six-headed hydra
 20709 | Lair:3   | Killed a one-headed hydra
 20710 | Lair:3   | Reached skill level 15 in Axes
 20873 | Lair:3   | Found a hole to the Spider Nest.
 22241 | Lair:3   | Noticed a seven-headed hydra
 22254 | Lair:3   | Killed a one-headed hydra
 22307 | Lair:3   | Noticed a seven-headed hydra
 22318 | Lair:3   | Killed a one-headed hydra
 22664 | Lair:3   | Found a staircase to the Swamp.
 23450 | Lair:4   | Noticed a four-headed hydra
 23461 | Lair:4   | Killed a one-headed hydra
 23710 | Lair:4   | Reached XP level 13. HP: 116/116 MP: 16/16
 23794 | Lair:5   | Reached skill level 16 in Axes
 24790 | Lair:5   | Found a runed translucent door.
 24794 | Lair:5   | Noticed NobodyCares's ghost (journeyman MiFi)
 25118 | Lair:5   | Noticed a dire elephant
 25138 | Lair:5   | Killed a dire elephant
 25770 | Lair:5   | Identified the +11 trident "Myteom" {vorpal, rPois rN+}
 25828 | Lair:6   | Entered Level 6 of the Lair of Beasts
 25985 | Lair:6   | Reached skill level 17 in Axes
 26149 | Lair:6   | Found a gate leading to a gauntlet.
 26178 | Gauntlet | Entered a Gauntlet
 26178 | Gauntlet | Found a transporter.
 26178 | Gauntlet | Found a transporter.
 26178 | Gauntlet | Found a transporter.
 26257 | Gauntlet | Found a transporter.
 26336 | Gauntlet | Found a transporter.
 26447 | Gauntlet | Found a transporter.
 26452 | Gauntlet | Found a transporter.
 26464 | Gauntlet | Found a transporter.
 26477 | Gauntlet | Found a transporter.
 26483 | Gauntlet | Found a transporter.
 26497 | Gauntlet | Found a transporter.
 26503 | Gauntlet | Found a transporter.
 27211 | Gauntlet | Identified the +2 helmet "Jyfuomp" {Rampage rPois rC-
                  | Str+5}
 27231 | Gauntlet | Noticed a minotaur
 27250 | Gauntlet | Killed a minotaur
 27757 | Lair:6   | Found a runed translucent door.
 28128 | Lair:6   | Reached XP level 14. HP: 109/129 MP: 17/17
 28413 | Lair:6   | Reached skill level 18 in Axes
 28931 | Lair:6   | Found a staircase to the Slime Pits.
 29072 | Lair:6   | Learned a level 5 spell: Freezing Cloud
 29283 | Lair:6   | Reached skill level 1 in Ice Magic
 29709 | Lair:6   | HP: 5/129 [barbs]
 29710 | Lair:6   | HP: 1/129 [barbs]
 29711 | Lair:6   | Killed from afar by a catoblepas

Illustrated notes

Levels and vault maps discovered:
D:1:      dreamdust_arrival_sigmund_warning, layout_basic, minmay_lizard_pond
D:2:      layout_basic, basic_altar, uniq_natasha
D:3:      layout_loops_corners, mainiacjoe_overflow_alcove_2,
          basic_ecumenical_altar, serial_bayou_pond_b
D:4:      layout_basic, slow_altar_1, minmay_cut_off
D:5:      layout_layer_cave, lightli_temple_of_fire,
          nicolae_wu_jian_immortal_techniques
D:6:      layout_basic, uniq_menkaure
D:7:      layout_rooms, nicolae_uskayaw_dance_hall,
          nicolae_overflow_hidden_temple, minmay_temple_entry_junction,
          nrook_mini_vaults, uniq_crazy_yiuf_cottage, uniq_duvessa, uniq_maggie
D:8:      layout_basic, marbit_many_paths, nemelex_diamond_rough_becter,
          nicolae_transmutations_shop
D:9:      layout_loops_corners, mainiacjoe_overflow_cross_hatched,
          grunt_lair_entry_orc_guard_hut
D:10:     layout_loops_ring, mainiacjoe_overflow_six_doors_small
D:11:     layout_roguey [special_room_orc], zombieorc1_lemuel, uniq_snorg,
          uniq_psyche
Lair:1:   layout_misc_corridors, uniq_harold
Lair:2:   layout_cave_shapes, portal_ice_cave_demonic_guard,
          serial_bayou_pond_a, chequers_serial_rivers_marsh, uniq_erica
Lair:3:   layout_chaotic_city, palyth_hydra_swamp_entry,
          nicolae_spider_entry_non_spiders, grunt_megastairs_1,
          serial_bayou_shore_a
Lair:4:   layout_roguey
Lair:5:   mu_elephants_graveyard, layout_cave_pods, ebering_ghost_funeral_grove
Lair:6:   hangedman_lair_in_review, layout_cellular_growth, wormcave,
          slime_altar_1, gauntlet_entry_generic

Skill      XL: |  1  2  3  4  5  6  7  8  9 10 11 12 13 14 |
---------------+-------------------------------------------+-----
Axes           | 2 3 4 5 6 7 9 11 12 14 15 17 18 | 18.0
Fighting       | 3 4 5 6 7 9 10 11 13 | 13.5
Evocations     | 3 5 7 8 |  8.0
Armour         | 3 |  3.0
Shields        | 4 |  4.0
Ice Magic      | 2 |  2.3

Action                   |  1- 3 |  4- 6 |  7- 9 | 10-12 | 13-15 || total
-------------------------+-------+-------+-------+-------+-------++-------
Melee: War axe           |   147 |   166 |   183 |   399 |       ||   895
       Whip              |       |       |    27 |    11 |    29 ||    67
       Short sword       |       |       |    10 |     4 |       ||    14
       Broad axe         |       |       |       |   267 |   414 ||   681
       Hand axe          |       |       |       |    74 |    22 ||    96
 Fire: Hand crossbow     |       |       |       |     7 |     1 ||     8
Throw: Dart              |     4 |    15 |    14 |     2 |     1 ||    36
       Boomerang         |       |       |    11 |    19 |       ||    30
       Throwing net      |       |       |       |       |     1 ||     1
Evoke: Wand              |       |       |    23 |    48 |     1 ||    72
       Box of beasts     |       |       |       |       |     1 ||     1
  Use: Scroll            |       |       |     1 |    13 |     6 ||    20
       Potion            |       |       |       |     4 |     2 ||     6
 Stab: Paralysed         |       |       |     9 |     3 |       ||    12
       Distracted        |       |       |       |       |     1 ||     1
       Held in net/web   |       |       |       |       |     1 ||     1
       Petrified         |       |       |       |       |     2 ||     2
Armor: Scale mail        |    67 |    69 |    13 |       |       ||   149
       Acid dragon scale |       |       |    30 |    31 |       ||    61
       Plate armour      |       |       |       |   128 |       ||   128
       Chain mail        |       |       |       |    93 |   224 ||   317
       Skin              |       |       |       |    10 |       ||    10
Dodge: Dodged            |    74 |    70 |    84 |   162 |   119 ||   509
Block: Buckler           |    39 |    31 |    45 |   163 |   173 ||   451
       Reflection        |       |       |       |       |     3 ||     3

Table legend: (Time is in decaauts)
 A = Elapsed time spent in this place.
 B = Non-inter-level travel time spent in this place.
 C = Inter-level travel time spent in this place.
 D = Time resting spent in this place.
 E = Time spent auto-exploring this place.
 F = Levels seen in this place.
 G = Mean time per level.
                   A        B        C        D        E       F      G
               +--------+--------+--------+--------+--------+-----+--------+
         Total |  29700 |  28751 |    949 |   9830 |  12705 |  19 | 1563.2 |
       Dungeon |  15183 |  14646 |    537 |   4010 |   7658 |  11 | 1380.3 |
          Lair |  10542 |  10130 |    412 |   3047 |   4875 |   6 | 1757.0 |
      Ice Cave |   2759 |   2759 |      0 |   2155 |     39 |   1 | 2759.0 |
      Gauntlet |   1214 |   1214 |      0 |    618 |    132 |   1 | 1214.0 |
               +--------+--------+--------+--------+--------+-----+--------+

Top non-repeatable levels by time:
   IceCv: 2759 daAuts
  Lair:6: 2556 daAuts
  Lair:3: 2338 daAuts
     D:9: 2043 daAuts
    D:10: 1856 daAuts
  Lair:5: 1833 daAuts
  Lair:1: 1710 daAuts
     D:5: 1570 daAuts
     D:8: 1400 daAuts
     D:1: 1398 daAuts
     D:6: 1271 daAuts
    D:11: 1261 daAuts
Gauntlet: 1214 daAuts
     D:2: 1200 daAuts
     D:3: 1157 daAuts
